 Dungeon Crawl Stone Soup version 0.29.1-2-gbd0b4ee654 (webtiles) character file.

Game seed: 16732557657726872932

26 DemonSlayer the Firebug (level 2, -3/19 HPs)
             Began as a Demonspawn Fire Elementalist on Nov 5, 2022.
             Engulfed by a cloud of poison gas (6 damage)
             ... on level 2 of the Dungeon.
             The game lasted 00:03:55 (1466 turns).

DemonSlayer the Firebug (DsFE)                      Turns: 1466, Time: 00:03:55

Health: -3/19      AC:  4    Str:  8    XL:     2   Next: 89%
Magic:  2/5        EV: 27    Int: 16    God:
Gold:   55         SH:  0    Dex: 13    Spells: 3/6 levels left

rFire   . . .      SeeInvis .   n - +0 dagger
rCold   . . .      Faith    .   (no shield)
rNeg    . . .      Spirit   .   a - +0 robe
rPois   .          Reflect  .   (no helmet)
rElec   .          Harm     .   (no cloak)
rCorr   +          Rampage  .   l - +1 pair of gloves
Will    .....                   (no boots)
Stlth   ++........              k - amulet of the acrobat
HPRegen 0.06/turn               i - ring of resist corrosion
MPRegen 0.09/turn               (no ring)

@: lethally poisoned (-3 -> -25), acrobatic
A: claws 1
a: no special abilities


You were on level 2 of the Dungeon.
You visited 1 branch of the dungeon, and saw 2 of its levels.

You collected 55 gold pieces.

Inventory:

Hand Weapons
 n - a +0 dagger (weapon)
Armour
 a - a +0 robe (worn)
 l - a +1 pair of gloves (worn)
Jewellery
 i - a ring of resist corrosion (left hand)
 k - an amulet of the acrobat (around neck)
Scrolls
 d - a scroll of enchant armour
 h - 2 scrolls of identify
Potions
 c - a potion of resistance {unknown}
 e - 2 potions of heal wounds {unknown}
 f - 2 potions of haste {unknown}
 g - a potion of curing {unknown}
 m - a potion of degeneration {unknown}


   Skills:
 + Level 1.8 Dodging
 + Level 1.8 Stealth
 + Level 2.5 Spellcasting
 + Level 1.2 Conjurations
 + Level 3.2 Fire Magic


You had 3 spell levels left.
You knew the following spells:

 Your Spells              Type           Power      Damage    Failure   Level
a - Foxfire               Conj/Fire      36%        2x1d5     8%          1
b - Scorch                Fire           24%        2d6       8%          2

Your spell library contained the following spells:

 Spells                   Type           Power      Damage    Failure   Level
 Conjure Flame            Conj/Fire      9%         6-21      24%         3
 Inner Flame              Hex/Fire       7%         N/A       30%         3
 Flame Wave               Conj/Fire      9%         2d6       61%         4


Dungeon Overview and Level Annotations

Branches:
Dungeon (2/15)

Altars:

Shops:
D:1 [

Annotations:
D:2 Terence


Innate Abilities, Weirdness & Mutations

You have sharp fingernails.


Message History

Terence is no longer more vulnerable to fire.
Terence hits you with a +0 short sword.
You miscast Scorch.
You are very lightly contaminated with residual magic.
Nothing appears to happen.
Terence closely misses you.
Flames lash Terence.
Terence is heavily wounded.
Terence's fire resistance burns away.
Terence hits you with a +0 short sword.
You don't have enough magic to cast this spell.
You don't have enough magic to cast this spell.
Terence attacks as you move away! Terence closely misses you.
Terence is no longer more vulnerable to fire.
Flames lash Terence.
Terence is severely wounded.
Terence's fire resistance burns away.
Terence hits you with a +0 short sword. Terence attacks as you move away!
Terence barely misses you.
Your magical contamination has completely faded away.
Terence attacks as you move away! Terence closely misses you.
Terence is no longer more vulnerable to fire.
Terence attacks as you move away! Terence misses you.
Terence shouts, "Now you die!" Terence attacks as you move away!
Terence completely misses you. Terence attacks as you move away!
Terence hits you with a +0 short sword. Terence attacks as you move away!
Terence completely misses you. Terence attacks as you move away!
Terence completely misses you.
As you read the scroll labelled BASESI YFUSITY, it crumbles to dust.
It is a scroll of identify.
d - a scroll of enchant armour Terence closely misses you.
The air fills with toxic fumes!
As you read the scroll labelled UNNAJE FEMNEX, it crumbles to dust.
It was a scroll of poison.
Terence hits you but does no damage.
You hit Terence but do no damage.
Terence is heavily wounded.
Terence hits you with a +0 short sword.
* * * LOW HITPOINT WARNING * * *
Really walk into that cloud of poison gas?
You are engulfed in poison gas.
You are lethally poisoned!
You die...

##...##.#
#.###§.## #.#
#§..#
#.###§#####
##.§§####.##
###§# #...
#@# #..# #.#
#..#
#@###.#####
#§§.......###
#####........
#..##....
#..# ##
###[.## #.
#.....# #.#
#.#...####.##
#.#.........#


You could see Terence.

Vanquished Creatures
  A ball python (D:1)
  3 endoplasms
  2 giant cockroaches
  2 goblins (D:1)
  A hobgoblin (D:1)
  2 quokkas (D:1)
  4 bats (D:1)
  3 frilled lizards (D:1)
  4 kobolds
  2 rats (D:1)
24 creatures vanquished.

Vanquished Creatures (others)
  103 foxfires
103 creatures vanquished.

Grand Total: 127 creatures vanquished

Notes
Turn   | Place    | Note
-------+----------+-------------------------------------------
     0 | D:1      | DemonSlayer the Demonspawn Fire Elementalist began the
                  | quest for the Orb.
     0 | D:1      | Reached XP level 1. HP: 13/13 MP: 3/3
   292 | D:1      | Reached skill level 3 in Fire Magic
   353 | D:1      | Found Agot's Antique Armour Shoppe.
   362 | D:1      | Gained mutation: You have sharp fingernails. [demonic
                  | ancestry]
   362 | D:1      | Reached XP level 2. HP: 19/19 MP: 0/5
   852 | D:1      | Found a faded altar of an unknown god.
  1152 | D:1      | Learned a level 2 spell: Scorch
  1414 | D:2      | Noticed Terence
  1466 | D:2      | Engulfed by a cloud of poison gas

Illustrated notes

Levels and vault maps discovered:
D:1:      minmay_arrival_cross, layout_basic, serial_shops, shop_fountains,
          hellmonk_ecumenical_altar_pennies_from_heaven
D:2:      minmay_inner_zag, layout_loops_ring, grunt_decor_cap, uniq_jessica,
          uniq_terence

Skill      XL: |  1 |
---------------+----+-----
Fire Magic     | 3 |  3.2
Dodging        | |  1.8
Stealth        | |  1.8
Spellcasting   | |  2.5
Conjurations   | |  1.2

Action                   || total
-------------------------++-------
Melee: Unarmed           ||    12
       Dagger            ||     3
 Cast: Foxfire           ||    64
       Scorch            ||     3
  Use: Scroll            ||     2
       Potion            ||     1
 Stab: Sleeping          ||     1
Armor: Robe              ||    10
Dodge: Dodged            ||    38
